 Dungeon Crawl Stone Soup version 0.21-a0-538-gd16b88a (webtiles) character file.

55 tof the Poker (level 3, 0/28 HPs)
             Began as a Demonspawn Gladiator on Dec 15, 2017.
             Succumbed to an adder's poison
             ... on level 2 of the Dungeon.
             The game lasted 00:02:00 (1623 turns).

tof the Poker (Demonspawn Gladiator)                Turns: 1623, Time: 00:02:01

Health: 0/28       AC:  5    Str: 14    XL:     3   Next: 67%
Magic:  3/3        EV: 12    Int:  9    God:
Gold:   97         SH:  0    Dex: 15    Spells: 2/2 levels left

rFire    + . .     SeeInvis .   a - +0 trident
rCold    . . .     Gourm    .   (no shield)
rNeg     . . .     Faith    .   b - +0 leather armour
rPois    .         Spirit   .   c - +0 helmet
rElec    .         Reflect  .   u - +0 cloak
rCorr    .         Harm     .   (no gloves)
MR       .....                  (no boots)
Stlth    +.........             (no amulet)
HPRegen  0.09/turn              (no ring)
MPRegen  0.08/turn              (no ring)

@: lethally poisoned (0 -> -4)
A: fire resistance 1
a: no special abilities


You were on level 2 of the Dungeon.
You were not hungry.

You visited 1 branch of the dungeon, and saw 2 of its levels.

You collected 97 gold pieces.

Inventory:

Hand Weapons
 a - a +0 trident (weapon)
Missiles
 d - 3 throwing nets
 g - 22 stones (quivered)
 o - 8 needles of confusion
 q - 2 exploding tomahawks
 w - 9 poisoned needles
Armour
 b - a +0 leather armour (worn)
 c - a +0 helmet (worn)
 u - a +0 cloak (worn)
Scrolls
 h - 2 scrolls of identify {unknown}
 k - a scroll of amnesia {unknown}
 m - a scroll of magic mapping {unknown}
 p - a scroll of remove curse {unknown}
 r - a scroll of enchant weapon {unknown}
 t - a scroll of enchant armour {unknown}
Potions
 e - a potion of curing {unknown}
 j - 2 potions of berserk rage {unknown}
 l - a potion of heal wounds {unknown}
 n - a potion of agility {unknown}
 s - a potion of resistance {unknown}
Comestibles
 f - 3 bread rations
 i - 2 meat rations
 v - 4 chunks of flesh


   Skills:
 + Level 2.6 Fighting
 * Level 3.6 Polearms
 - Level 1.7 Throwing
 + Level 1.2 Armour
 - Level 2.6 Dodging


You had 2 spell levels left.
You didn't know any spells.

Dungeon Overview and Level Annotations

Branches:
Dungeon (2/15)

Altars:

Annotations:
D:2 1 runed door


Innate Abilities, Weirdness & Mutations

Your flesh is heat resistant. (rF+)


Message History

Found 9 gold pieces.
You feel sick. The adder misses you.
A bat comes into view.
You miss the adder. The adder barely misses you.
You hit the adder.
The adder is heavily wounded.
You feel sick. The bat hits you but does no damage. The adder bites you.
* * * LOW HITPOINT WARNING * * *
The adder barely misses you.
You hit the adder.
The adder is almost dead.
The bat closely misses you. The adder barely misses you.
You barely miss the adder.
The adder is almost dead.
The adder bites you.
* * * LOW HITPOINT WARNING * * *
The adder bites you but does no damage.
You barely miss the adder.
The adder is almost dead.
You die...

... .. # .. .# #.
.# #.. ..###
#####.######....#
..............# #
.#.....(.####.#####
##.......S@b......
#....(###........
........# #........
..##.....#
#........ ..
#.....# #........ .
#.....# #........
#.....# #.....$..
###### #........


You could see an adder and a bat.

Vanquished Creatures
  A gnoll (D:1)
  An adder (D:2)
  A dart slug (D:1)
  2 bats
  2 giant cockroaches
  7 goblins
  A hobgoblin (D:1)
  4 jackals (D:1)
  6 kobolds (D:1)
  A frilled lizard (D:1)
  5 rats
31 creatures vanquished.

Notes
Turn   | Place    | Note
-------+----------+-------------------------------------------
     0 | D:1      | tof the Demonspawn Gladiator began the quest for the Orb.
     0 | D:1      | Reached XP level 1. HP: 16/16 MP: 1/1
   311 | D:1      | Reached skill level 3 in Polearms
   314 | D:1      | Gained mutation: Your flesh is heat resistant. (rF+) [demonic ancestry]
   314 | D:1      | Reached XP level 2. HP: 22/22 MP: 2/2
   831 | D:1      | Reached skill level 1 in Armour
   833 | D:1      | Reached XP level 3. HP: 28/28 MP: 3/3
  1557 | D:2      | Found a runed door.
  1622 | D:2      | HP: 1/28 [adder (2)]
  1623 | D:2      | Succumbed to an adder's poison

Vault maps used:
D:1:      dpeg_arrival_solitude
D:2:      ashenzari_conservatory_becter, first_bread, uniq_crazy_yiuf_cottage

Skill      XL: |  1  2 |
---------------+-------+-----
Polearms       | 3 |  3.6
Armour         | 1 |  1.2
Fighting       | |  2.6
Throwing       | |  1.7
Dodging        | |  2.6

Action                   || total
-------------------------++-------
Melee: Trident           ||    83
Throw: Throwing net      ||     2
 Stab: Sleeping          ||     3
       Held in net/web   ||     1
  Eat: Chunk             ||     2
Armor: Leather armour    ||    31
Dodge: Dodged            ||    45

Table legend:
 A = Spawn XP
 B = Non-spawn XP
 C = Spawn XP percentage of total XP
 D = Spawn monster count
 E = Non-spawn monster count
 F = Spawn count percentage of total count
 G = Total turns spent on level
                    A         B        C        D         E        F      G
               +---------+---------+-------+---------+---------+-------+---------
         Total |       0 |      79 |   0.0 |       0 |      31 |   0.0 |  1623
               +---------+---------+-------+---------+---------+-------+---------
           D:1 |       0 |      59 |   0.0 |       0 |      26 |   0.0 |  1470
           D:2 |       0 |      20 |   0.0 |       0 |       5 |   0.0 |   153
               +---------+---------+-------+---------+---------+-------+---------
